 Dungeon Crawl Stone Soup version 0.25-a0-598-gc9c9e4cfe1 (webtiles) character file.

Game seed: 28783022710343181, levelgen mode: deterministic

89 Esekla the Ducker (level 4, -6/21 HPs)
             Began as a Spriggan Artificer on Mar 15, 2020.
             Mangled by a centaur (8 damage)
             ... on level 4 of the Dungeon on Mar 16, 2020.
             The game lasted 00:11:51 (2057 turns).

Esekla the Ducker (Spriggan Artificer)              Turns: 2057, Time: 00:11:52

Health: -6/21      AC:  2    Str:  8    XL:     4   Next: 31%
Magic:  8/8        EV: 19    Int: 13    God:
Gold:   127        SH:  0    Dex: 16    Spells: 7/7 levels left

rFire    . . .     SeeInvis +   a - +0 short sword
rCold    . . .     Gourm    .   (shield restricted)
rNeg     . . .     Faith    .   b - +0 robe
rPois    .         Spirit   .   (helmet restricted)
rElec    .         Reflect  .   (no cloak)
rCorr    .         Harm     .   (gloves unavailable)
MR       .....                  (boots unavailable)
Stlth    +++.......             u - amulet of magic regeneration
HPRegen  0.07/turn              s - ring of stealth
MPRegen  0.36/turn              (no ring)

@: very quick
A: very small, unfitting armour, see invisible, herbivore, speed 3, slow
metabolism 2
a: no special abilities


You were on level 4 of the Dungeon.
You were not hungry.

You visited 1 branch of the dungeon, and saw 4 of its levels.

You collected 127 gold pieces.

Inventory:

Hand Weapons
 a - a +0 short sword (weapon)
Missiles
 h - 12 poisoned darts
 o - 5 boomerangs (quivered)
Armour
 b - a +0 robe (worn)
 j - a +0 leather armour
 t - a +0 leather armour
Jewellery
 s - a ring of stealth (left hand)
 u - an amulet of magic regeneration (around neck)
Wands
 c - a wand of flame (15)
 d - a wand of enslavement (15)
 e - a wand of random effects (15)
 r - a wand of polymorph (6)
Scrolls
 g - 4 scrolls of remove curse
 i - a scroll of immolation {unknown}
 l - 2 scrolls of teleportation {unknown}
 n - a scroll of blinking {unknown}
 p - 2 scrolls of identify
 q - a scroll of amnesia {unknown}
Potions
 k - a potion of curing
 m - a potion of lignification
 v - a potion of ambrosia {unknown}
Comestibles
 f - a ration


   Skills:
 - Level 0.7 Fighting
 + Level 2.9 Short Blades
 + Level 0.1 Throwing
 * Level 4.1 Dodging
 + Level 3.0 Stealth
 * Level 2.0 Spellcasting
 - Level 4.0 Evocations


You had 7 spell levels left.
You didn't know any spells.
Your spell library was empty.

Dungeon Overview and Level Annotations

Branches:
Dungeon (4/15)
 Temple: D:4-7

Altars:
Gozag
Makhleb
Ru


Innate Abilities, Weirdness & Mutations

You are very small and have problems with some larger weapons.
You are too small for most types of armour.
You have supernaturally acute eyesight. (SInv)
You are a herbivore.
You cover ground extremely quickly.
You need to consume almost no food.


Message History

You hit the centaur.
The centaur is lightly wounded.
The centaur misses you.
You closely miss the centaur.
The centaur is lightly wounded.
The centaur hits you. The centaur closely misses you.
You hit the centaur but do no damage.
The centaur is lightly wounded.
The centaur hits you.
You hit the centaur.
The centaur is moderately wounded.
The centaur misses you. The centaur completely misses you.
You hit the centaur.
The centaur is heavily wounded.
The centaur hits you.
* * * LOW HITPOINT WARNING * * *
You hit the centaur but do no damage.
The centaur is heavily wounded.
The centaur hits you!
You die...

#...#........
#.....#..... #####
#.#..##...#
#...#####.#..(...###.
#<...>...............
#...#####.#..........
#...##.......(.......
#####..c.###.........
####..@.# #........|
##.....(####.........
...........#....c.....
...........#..........
...........###........
...........# ##.c#.###
..§.≈......#
.§§§8≈§....#
≈≈≈5≈§≈...#


You could see a centaur.

Vanquished Creatures
  A hound skeleton (D:3)
  2 adders (D:2)
  2 oozes
  A dart slug (D:1)
  4 leopard geckos
  2 bats
  2 giant cockroaches (D:1)
  4 goblins
  4 hobgoblins
  4 jackals (D:1)
  8 kobolds
  2 quokkas
  A ball python (D:1)
  A frilled lizard (D:2)
  A quokka skeleton (D:4)
  5 rats
44 creatures vanquished.

Notes
Turn   | Place    | Note
-------+----------+-------------------------------------------
     0 | D:1      | Esekla the Spriggan Artificer began the quest for the Orb.
     0 | D:1      | Reached XP level 1. HP: 9/9 MP: 4/4
   325 | D:2      | Reached XP level 2. HP: 12/14 MP: 6/6
   375 | D:1      | Reached skill level 1 in Spellcasting
  1136 | D:1      | Reached XP level 3. HP: 17/17 MP: 7/7
  1581 | D:3      | Found a sacrificial altar of Ru.
  1596 | D:3      | Found an opulent altar of Gozag.
  1637 | D:3      | Noticed a centaur
  1644 | D:3      | Noticed a troll
  1649 | D:3      | Reached XP level 4. HP: 17/21 MP: 8/8
  2034 | D:4      | Noticed a centaur
  2046 | D:4      | Found a burning altar of Makhleb.
  2057 | D:4      | Mangled by a centaur

Levels and vault maps discovered:
D:1:      minmay_arrival_widening_spiral_narrow, layout_loops_ring
D:2:      minmay_diamond_boxcup, layout_rooms
D:3:      cheibrodos_helix_gallery, layout_rooms, lemuel_crystal_altar,
          gammafunk_temple_overflow_arena, lemuel_doored_altar
D:4:      layout_rooms, demons_altar, temple_statues, first_ration, uniq_natasha

Skill      XL: |  1  2  3  4 |
---------------+-------------+-----
Spellcasting   | 1 2 |  2.0
Stealth        | 2 3 |  3.0
Short Blades   | 2 |  2.9
Dodging        | 4 |  4.1
Fighting       | |  0.7
Throwing       | |  0.1
Evocations     | |  4.0

Action                   |  1- 3 |  4- 6 || total
-------------------------+-------+-------++-------
Melee: Short sword       |   120 |    30 ||   150
Throw: Boomerang         |     7 |     3 ||    10
       Dart              |     2 |       ||     2
  Use: Scroll            |     3 |       ||     3
 Stab: Sleeping          |     7 |     2 ||     9
Armor: Robe              |     9 |     2 ||    11
Dodge: Dodged            |   101 |    19 ||   120

Table legend:
 A = Non-vault XP
 B = Vault XP
 C = Vault XP percentage of total XP
 D = Non-vault monster count
 E = Vault monster count
 F = Vault count percentage of total count
                 A         B        C        D         E       F
            +---------+---------+-------+---------+---------+-------
      Total |     125 |       3 |   2.3 |      42 |       2 |   4.5
            +---------+---------+-------+---------+---------+-------
        D:1 |      47 |       0 |   0.0 |      25 |       0 |   0.0
        D:2 |      34 |       0 |   0.0 |       7 |       0 |   0.0
        D:3 |      36 |       3 |   7.7 |       8 |       2 |  20.0
        D:4 |       8 |       0 |   0.0 |       2 |       0 |   0.0
            +---------+---------+-------+---------+---------+-------
